 Dungeon Crawl Stone Soup version 0.25-a0-577-ga4619f4 (webtiles) character file.

Game seed: 5869969730057605975, levelgen mode: deterministic

158 robertstho the Skirmisher (level 5, 0/42 HPs)
             Began as a Demonspawn Abyssal Knight on Mar 2, 2020.
             Was a Follower of Lugonu.
             Slain by a kobold (2 damage)
             ... on level 3 of the Dungeon.
             The game lasted 00:03:53 (3512 turns).

robertstho the Skirmisher (DsAK)                    Turns: 3512, Time: 00:03:53

Health: 0/42       AC:  8    Str: 14    XL:     5   Next: 16%
Magic:  6/6        EV:  6    Int: 13    God:    Lugonu [*.....]
Gold:   77         SH:  0    Dex: 12    Spells: 4/4 levels left

rFire    . . .     SeeInvis .   a - +1 spear
rCold    . . .     Gourm    .   (no shield)
rNeg     . . .     Faith    .   g - +0 chain mail
rPois    .         Spirit   .   (helmet restricted)
rElec    .         Reflect  .   (no cloak)
rCorr    .         Harm     .   (no gloves)
MR       .....     Rnd*Rage +   (no boots)
Stlth    ..........             (no amulet)
HPRegen  0.14/turn              (no ring)
MPRegen  0.10/turn              (no ring)

@: lethally poisoned (0 -> -12)
A: antennae 2, beak, claws 1, berserk 1, screaming 1
a: Depart the Abyss, Renounce Religion


You were on level 3 of the Dungeon.
You worshipped Lugonu.
Lugonu was aware of your devotion.
You were not hungry.

You visited 1 branch of the dungeon, and saw 3 of its levels.
You visited the Abyss 1 time.

You collected 77 gold pieces.

Inventory:

Hand Weapons
 a - a +1 spear (weapon)
Armour
 b - a +0 leather armour
 g - a +0 chain mail (worn)
Scrolls
 d - a scroll of random uselessness {unknown}
 e - 2 scrolls of teleportation
 f - 2 scrolls of immolation {unknown}
 h - 2 scrolls of fog {unknown}
 i - a scroll of enchant armour {unknown}
 j - 3 scrolls of remove curse {unknown}
 k - a scroll of magic mapping {unknown}
 l - 2 scrolls of amnesia {unknown}
 n - a scroll of identify {unknown}
Comestibles
 c - 4 rations
 m - a chunk of flesh


   Skills:
 + Level 3.8 Fighting
 + Level 3.3 Polearms
 + Level 2.7 Armour
 + Level 1.6 Dodging
 + Level 0.5 Stealth
 + Level 2.6 Invocations


You had 4 spell levels left.
You didn't know any spells.
Your spell library was empty.

Dungeon Overview and Level Annotations

Branches:
Dungeon (3/15)

Altars:

Annotations:
D:3 Sigmund


Innate Abilities, Weirdness & Mutations

You have a pair of antennae on your head.
You have sharp fingernails.
You have a beak for a mouth.
You tend to lose your temper in combat.
You occasionally shout uncontrollably at your foes.


Message History

You feel sick.
You hear a zap.
You hear a grinding noise.
The kobold throws a poisoned dart.
The poisoned dart barely misses you.
You see here a dark potion.
o - a dark potion
* * * LOW HITPOINT WARNING * * *
You feel sick.
The kobold throws a poisoned dart.
The poisoned dart hits you!
You are more poisoned.
It was a potion of mutation.
You feel extremely strange.
You feel a little pissed off.
You feel the urge to shout.
Your mouth lengthens and hardens into a beak!
* * * LOW HITPOINT WARNING * * *
You feel sick.
* * * LOW HITPOINT WARNING * * *
You feel sick. The kobold hits you but does no damage.
You hit the kobold. Your peck misses the kobold.
The kobold is heavily wounded.
* * * LOW HITPOINT WARNING * * *
You feel sick. The kobold hits you.
You die...

..... ####
#########.....
# #............
#............
#.........#
#.........#
#....(....#
#.........#
#....K@(..#
#.............#
#..........(..#
######^.......#
######...# ...#
).# ##


You could see a kobold.

Vanquished Creatures
  Jessica (D:2)
  Terence (D:2)
  4 gnolls (D:2)
  An adder (D:2)
  3 worms (D:2)
  4 dart slugs
  3 bats (D:2)
  A giant cockroach (D:2)
  8 goblins
  5 hobgoblins (D:2)
  2 quokkas (D:2)
  3 frilled lizards
  4 kobolds
  A quokka skeleton (D:2)
  6 rats
47 creatures vanquished.

Notes
Turn   | Place    | Note
-------+----------+-------------------------------------------
     0 | Abyss:1  | robertstho the Demonspawn Abyssal Knight began the quest
                  | for the Orb.
     0 | Abyss:1  | Reached XP level 1. HP: 18/18 MP: 2/2
    10 | Abyss:1  | Found a corrupted altar of Lugonu.
    54 | Abyss:1  | Noticed a sky beast
    55 | D:1      | Escaped the Abyss
   686 | D:1      | Gained mutation: You have a pair of small antennae on your
                  | head. [demonic ancestry]
   686 | D:1      | Reached XP level 2. HP: 24/24 MP: 3/3
   951 | D:2      | Reached * piety under Lugonu
  1152 | D:2      | Gained mutation: You have sharp fingernails. [demonic
                  | ancestry]
  1152 | D:2      | Reached XP level 3. HP: 11/29 MP: 4/4
  1880 | D:2      | Reached skill level 1 in Dodging
  2143 | D:2      | Noticed Terence
  2193 | D:2      | Killed Terence
  2193 | D:2      | Reached XP level 4. HP: 16/37 MP: 5/5
  3152 | D:2      | Noticed Jessica
  3163 | D:2      | Killed Jessica
  3163 | D:2      | Gained mutation: You have a pair of antennae on your head.
                  | [demonic ancestry]
  3163 | D:2      | Reached XP level 5. HP: 13/42 MP: 6/6
  3478 | D:3      | Noticed Sigmund
  3510 | D:3      | Gained mutation: You tend to lose your temper in combat.
                  | [potion of mutation]
  3510 | D:3      | Gained mutation: You occasionally shout uncontrollably at
                  | your foes. [potion of mutation]
  3510 | D:3      | Gained mutation: You have a beak for a mouth. [potion of
                  | mutation]
  3511 | D:3      | HP: 2/42 [poisoned by a kobold]
  3512 | D:3      | Slain by a kobold

Levels and vault maps discovered:
D:1:      lightli_arrival_noodles, layout_basic
D:2:      layout_loops_corners, minmay_fractal_squares_5, uniq_terence,
          uniq_jessica
D:3:      layout_basic, marbit_many_paths, uniq_sigmund, uniq_natasha

Skill      XL: |  1  2  3  4 |
---------------+-------------+-----
Polearms       | 2 3 |  3.3
Armour         | 2 |  2.7
Dodging        | 1 |  1.6
Fighting       | |  3.8
Stealth        | |  0.5
Invocations    | |  2.6

Action                   |  1- 3 |  4- 6 || total
-------------------------+-------+-------++-------
Melee: Spear             |   159 |   114 ||   273
Invok: Depart the Abyss  |     1 |       ||     1
  Use: Potion            |     2 |     1 ||     3
       Scroll            |       |     1 ||     1
 Stab: Sleeping          |     1 |       ||     1
  Eat: Chunk             |     4 |     4 ||     8
Armor: Leather armour    |    22 |       ||    22
       Scale mail        |    10 |       ||    10
       Chain mail        |       |    25 ||    25
Dodge: Dodged            |    57 |    22 ||    79

Table legend:
 A = Non-vault XP
 B = Vault XP
 C = Vault XP percentage of total XP
 D = Non-vault monster count
 E = Vault monster count
 F = Vault count percentage of total count
                 A         B        C        D         E       F
            +---------+---------+-------+---------+---------+-------
      Total |     138 |      89 |  39.2 |      37 |      10 |  21.3
            +---------+---------+-------+---------+---------+-------
        D:1 |      17 |       2 |  10.5 |       8 |       1 |  11.1
        D:2 |     117 |      87 |  42.6 |      28 |       9 |  24.3
        D:3 |       4 |       0 |   0.0 |       1 |       0 |   0.0
            +---------+---------+-------+---------+---------+-------
